AoeStats
← PUNISHER

Arena

510167165Analyzed
1v1 RM · 2d ago on Sep 29, 2026· 52m 17s· 2 players
Game mode
Random Map
Map size
Tiny (2 player)
Population
200
Speed
Normal
Resources
Standard
Victory
Conquest
Starting age
Dark Age
Ending age
Imperial Age
RankedLock teamsTeams togetherTeam positionsShared explorationLock speedFull tech treeHidden civsTurbo modeCheats
Victory
Defeat
🇮🇹 Teutons · Italy
930
+14
🇹🇷 Cumans · Türkiye
881
-14
PUNISHER
4:27 Loom
10:17 Feudal Age
10:50 Double-Bit Axe
11:07 Town Watch
15:30 Wheelbarrow
21:17 Castle Age
20:06 Stone Mining
20:09 Gold Mining
20:01 Horse Collar
20:22 Fletching
22:12 Bloodlines
23:27 Forging
24:53 Iron Casting
25:00 Murder Holes
25:55 Town Patrol
28:36 Bow Saw
33:27 Imperial Age
31:37 Thumb Ring
32:45 Ballistics
33:23 Gold Shaft Mining
32:29 Light Cavalry
34:04 Steppe Husbandry
34:44 Steppe Husbandry
35:00 Masonry
36:22 Conscription
38:06 Chemistry
39:10 Hoardings
39:10 Elite Steppe Lancer
40:41 Bodkin Arrow
42:08 Pikeman
42:49 Squires
43:49 Heavy Plow
43:50 Elite Kipchak
45:33 Parthian Tactics
47:19 Blast Furnace
46:21 Padded Archer Armor
46:31 Scale Barding Armor
46:33 Halberdier
48:20 Scale Mail Armor
50:34 Hand Cart
52:24 Chain Mail Armor
52:26 Leather Archer Armor
LiberoAssassino
9:17 Loom
11:02 Feudal Age
15:00 Castle Age
13:34 Double-Bit Axe
13:29 Horse Collar
16:08 Bow Saw
18:11 Heavy Plow
18:24 Forging
21:36 Scale Mail Armor
23:41 Squires
23:26 Arson
23:58 Scale Barding Armor
24:35 Wheelbarrow
23:45 Town Watch
25:29 Chain Mail Armor
26:56 Hand Cart
26:42 Town Patrol
26:42 Gold Mining
26:43 Stone Mining
28:12 Iron Casting
27:41 Pikeman
28:22 Squires
29:21 Ironclad
31:59 Imperial Age
29:47 Masonry
30:06 Ballistics
30:50 Fletching
31:11 Scale Barding Armor
32:07 Arson
32:45 Chain Barding Armor
32:21 Bodkin Arrow
33:43 Chemistry
33:13 Crenellations
33:14 Conscription
34:03 Blast Furnace
34:05 Two-Man Saw
33:42 Stone Shaft Mining
34:13 Ballistics
34:49 Conscription
35:06 Halberdier
35:10 Cavalier
36:32 Siege Engineers
36:51 Bloodlines
39:59 Plate Barding Armor
39:55 Plate Mail Armor
44:36 Hoardings
43:30 Paladin
44:48 Devotion
45:08 Sanctity
44:59 Fervor
46:13 Padded Archer Armor
52:52 Leather Archer Armor
Connection lost

Rejoining the realm…

Still unreachable

The connection could not be restored.

Session expired

The server has moved on; the page needs a fresh start.